 BcadrenCrawl: Boulder Brew version 0.03.3.1 (webtiles) character file.

Game seed: 999998795472559317, levelgen mode: deterministic

2 Chiseanne the Ducker (level 1, 0/13 HPs) Goblin Demonspawn. Began on Mar 13, 2021. Slain by a kobold ... wielding a cursed +0 dagger {(Curse: *Corrode)} (7 damage) ... on level 1 of the Dungeon. The game lasted 00:00:12 (68 turns).

Chiseanne the Ducker (Goblin Demonspawn)              Turns: 68, Time: 00:00:12

Health: 0/13       AC:  3    Str:  8    XL:     1 ^: 5
Magic:  2/2        EV: 14    Int:  6    God:
Gold:   0          SH:  0    Dex:  6    Spells: 1/2 levels left

rFire    . . .     Vision   .   a - +0 rapier
rCold    . . .     Gourm    .   (weapon restricted)
rNeg     . . .     Faith    .   b - +0 leather armour
rPois    .         Spirit   .   (no helmet)
rElec    .         Reflect  .   (no cloak)
rCorr    .         Harm     .   (no gloves)
MR       .....                  (no boots)
Stlth    +.........             (no amulet)
HPRegen  0.14/turn              (no ring)
MPRegen  0.12/turn              (no ring)

@: no status effects
A: small, stagnant stats, goblin's greed, low mp 1, mutation resistance 1, god's
pity 2
a: no special abilities


You were on level 1 of the Dungeon.
You were not hungry.

You visited 1 branch of the dungeon, and saw 1 of its levels.

Inventory:

Weapons
 a - a +0 rapier (weapon)
Armour
 b - a +0 leather armour (worn)
Scrolls
 c - a scroll of teleportation
Potions
 e - a potion of berserk rage
Comestibles
 d - a ration


   Skills:
 * Level 1.4 Fighting
 * Level 2.8 Short Blades
 + Level 0.1 Armour
 * Level 4.1 Dodging
 - Level 2.6 Stealth
 - Level 1.3 Spellcasting
 - Level 2.6 Fire Magic
   Level 4.0 Invocations


You had one spell level left.
You knew the following spells:

 Your Spells              Type           Power        Failure   Level  Hunger
a - Flame Tongue          Fire           3 (30)       17%         1    ##.....

Your spell library contained the following spells:

 Spells                   Type           Power        Failure   Level  Hunger
 Conjure Flame            Fire           3 (100)      45%         3    ####...
 Blink                    Tloc           N/A          61%         2    ###....
 Call Imp                 Summ           0 (100)      61%         2    ###....
 Slow                     Hex            0 (100)      61%         2    ###....
 Mephitic Cloud           Pois/Air       0 (100)      83%         3    ####...


Dungeon Overview and Level Annotations

Branches:
Dungeon (1/8)

Altars:


Innate Abilities, Weirdness & Mutations

Your stats never grow through leveling.
Your goblin ancestry allows you to find more gold. (+20%)
You are small and have problems with some larger weapons.
Your magical capacity is low. (-10% MP)
You are somewhat resistant to further mutation.
The pity of the gods increases the power of your passive and invoked divine abilities.


Message History

You closely miss the cinder newt. x2; The kobold closely misses you (0).
The kobold hits you but does no damage.
A giant cockroach comes into view.
The cinder newt closely misses you (0).
You barely miss the cinder newt. You closely miss the cinder newt.
The kobold closely misses you (0). The cinder newt closely misses you (0).
You barely miss the cinder newt. You closely miss the cinder newt.
The kobold barely misses you (0). The kobold hits you but does no damage.
The cinder newt closely misses you (0).
You puncture the cinder newt (7)! You closely miss the cinder newt.
The kobold closely misses you (0). The cinder newt barely misses you (0).
You barely miss the cinder newt. You closely miss the cinder newt.
The kobold barely misses you (0). x2; The cinder newt closely misses you (0).
You closely miss the cinder newt.
You hit the cinder newt but do no damage.
The kobold hits you with a cursed +0 dagger {(Curse: *Corrode)} (4).
The cinder newt bites you (0).
The kobold hits you with a cursed +0 dagger {(Curse: *Corrode)} (7)!
Ouch! That really hurt!
You die...

....#####.##.#
.#........##.#
.###########.#
## ####.#####
# #........# #
#.##.###.# ##
# #.# #.# .##
... #.# ..##
#... #@# ...##
#...


#lKr# ....# ...###gs.# ....+ ... ..##.# ....# ..# #.. ...## ###. ..# ..## # ...
.## #. ## You could see a cinder newt, a giant cockroach, a hobgoblin, a kobold
(berserk) and a rat.

Vanquished Creatures
  2 kobolds (D:1)
  A rat (D:1)
3 creatures vanquished.

Notes
Turn   | Place    | Note
-------+----------+-------------------------------------------
     0 | D:1      | Chiseanne the Goblin Demonspawn began the quest for the
                  | Orb.
     0 | D:1      | Reached XP level 1. HP: 13/13 MP: 2/2
    68 | D:1      | Slain by a kobold

Levels and vault maps discovered:
D:1:      evilmike_arrival_run_for_it, layout_loops_corners, st_stairs_12,
          minmay_vboxes, portal_sewer_entry_c

Action                   || total
-------------------------++-------
Melee: Rapier            ||    15
       Unarmed           ||    12
Armor: Leather armour    ||     4
Dodge: Dodged            ||    18
